 Dungeon Crawl Stone Soup version 0.29-a0-473-gacb4ef3bc5 (webtiles) character file.

Game seed: 11587525995841714960

272 Bruhh the Skirmisher (level 6, 0/63 HPs)
             Began as an Ogre Transmuter on May 23, 2022.
             Splashed by a jelly's acid (7 damage)
             ... on level 5 of the Dungeon.
             The game lasted 00:04:50 (4550 turns).

Bruhh the Skirmisher (Ogre Transmuter)              Turns: 4550, Time: 00:04:52

Health: 0/63       AC: -12   Str: 15    XL:     6   Next: 23%
Magic:  11/12      EV:  8    Int: 16    God:
Gold:   175        SH:  0    Dex:  9    Spells: 7/13 levels left

rFire   . . .      SeeInvis .     - Unarmed
rCold   . . .      Faith    .   (no shield)
rNeg    . . .      Spirit   .   w - +0 swamp dragon scales
rPois   +          Reflect  .   (helmet currently unavailable)
rElec   .          Harm     .   (no cloak)
rCorr   .          Rampage  .   (gloves unavailable)
Will    .....                   (boots unavailable)
Stlth   ..........              (no amulet)
HPRegen 0.20/turn               x - ring of poison resistance
MPRegen 0.13/turn               (no ring)

@: appendages (expiring), corroded
A: horns 2, talons 2, large, unfitting armour, tough skin 1
a: End Transformation


You were on level 5 of the Dungeon.
You had temporarily grown beastly horns and talons.
You visited 1 branch of the dungeon, and saw 5 of its levels.

You collected 175 gold pieces.

Inventory:

Armour
 a - a +0 robe
 w - +0 swamp dragon scales (worn)
Jewellery
 o - a ring of resist corrosion
 x - a ring of poison resistance (left hand)
Wands
 u - a wand of paralysis (8)
Scrolls
 c - 4 scrolls of identify {unknown}
 d - 2 scrolls of brand weapon {unknown}
 f - a scroll of enchant weapon {unknown}
 g - a scroll of enchant armour {unknown}
 i - 2 scrolls of poison {unknown}
 j - a scroll of torment {unknown}
 k - 2 scrolls of amnesia {unknown}
 l - a scroll of summoning {unknown}
 n - 2 scrolls of immolation {unknown}
 q - a scroll of vulnerability {unknown}
 r - 3 scrolls of teleportation {unknown}
Potions
 b - 4 potions of lignification
 e - 2 potions of curing
 h - a potion of degeneration {unknown}
 m - a potion of resistance {unknown}
 p - a potion of magic {unknown}
 s - a potion of heal wounds {unknown}
 t - a potion of berserk rage {unknown}
 v - a potion of mutation {unknown}


   Skills:
 + Level 4.3 Fighting
 - Level 1.7 Dodging
 + Level 3.8 Unarmed Combat
 + Level 4.1 Spellcasting
 - Level 3.0 Transmutations


You had 7 spell levels left.
You knew the following spells:

 Your Spells              Type           Power      Damage    Failure   Level
a - Beastly Appendage     Tmut           24%        N/A       10%         1
b - Wereblood             Tmut           12%        N/A       14%         2
c - Spider Form           Tmut/Pois      8%         N/A       47%         3

Your spell library contained the following spells:

 Spells                   Type           Power      Damage    Failure   Level
 Freeze                   Ice            12%        1d4       32%         1
 Magic Dart               Conj           12%        1d3       32%         1
 Searing Ray              Conj           6%         2d4       45%         2
 Frozen Ramparts          Ice            6%         1d2       69%         3
 Ice Form                 Ice/Tmut       8%         N/A       87%         4
 Fulminant Prism          Conj/Hex       1%         3d6       97%         4
 Hailstorm                Conj/Ice       3%         3d3       97%         4
 Simulacrum               Ice/Necr       1%         N/A       100%        6


Dungeon Overview and Level Annotations

Branches:
Dungeon (5/15)
 Temple: D:4-7

Altars:
Dithmenos
Nemelex Xobeh
Trog
Zin

Shops:
D:1 ?


Innate Abilities, Weirdness & Mutations

You have temporarily grown beastly horns and talons.
You are too large for most types of armour.
You have tough skin. (AC +1)


Message History

The jelly hits you. The acid corrodes you!
You are splashed with acid!
You fail to extend your transformation any further.
The jelly closely misses you.
You punch the jelly! The acid corrodes you!
Your hands burn!
The jelly is heavily wounded.
The jelly hits you. The acid corrodes you!
You are splashed with acid!
An orc comes into view. It is wielding a +0 club.
An orc comes into view. It is wielding a +0 dagger.
You barely miss the jelly.
The orc shouts! x2
You claw the jelly.
The jelly is heavily wounded.
You hit the jelly.
Your hands burn!
The jelly is severely wounded.
The jelly barely misses you.
An orc comes into view.
It is wielding a +0 falchion of flaming.
The orc shouts!
You hit the jelly but do no damage. The acid corrodes you!
Your hands burn!
You claw the jelly, but do no damage.
The jelly is severely wounded.
The jelly hits you. The acid corrodes you!
You are splashed with acid.
You are too injured to fight recklessly!
Your transformation is almost over.
The orc throws a boomerang.
The boomerang barely misses you.
The orc throws a boomerang.
The boomerang hits you.
There is a stone staircase leading up here.
You hit the jelly but do no damage.
Your hands burn!
You claw the jelly, but do no damage.
You headbutt the jelly, but do no damage.
The jelly is severely wounded.
The jelly hits you.
You are splashed with acid!
* * * LOW HITPOINT WARNING * * *
You hit the jelly but do no damage.
Your hands burn!
* * * LOW HITPOINT WARNING * * *
Your kick misses the jelly.
The jelly is severely wounded.
The jelly hits you.
* * * LOW HITPOINT WARNING * * *
You are splashed with acid!
You die...

## #.## ##...#
#....# #....#
#@..# ##J..####
##.o.....###
##.....o....#
..#.....o.o..#
.............###
................#
.................#
................##


You could see a jelly and 4 orcs.

Vanquished Creatures
  A scorpion (D:4)
  A jelly (D:4)
  An orc wizard (D:3)
  A gnoll (D:1)
  3 adders
  4 worms
  A dart slug (D:2)
  5 orcs (D:3)
  11 bats
  13 endoplasms
  7 giant cockroaches
  6 goblins
  3 hobgoblins
  9 jackals
  8 kobolds
  6 quokkas
  6 ball pythons
  2 frilled lizards (D:1)
  14 rats
102 creatures vanquished.

Vanquished Creatures (others)
  A demonic plant (D:2)
1 creature vanquished.

Grand Total: 103 creatures vanquished

Notes
Turn   | Place    | Note
-------+----------+-------------------------------------------
     0 | D:1      | Bruhh the Ogre Transmuter began the quest for the Orb.
     0 | D:1      | Reached XP level 1. HP: 19/19 MP: 3/3
   165 | D:1      | Reached XP level 2. HP: 20/28 MP: 3/5
   320 | D:1      | Found Ficeah's Magic Scroll Shop.
   506 | D:1      | Reached XP level 3. HP: 25/35 MP: 5/7
  1187 | D:2      | Learned a level 2 spell: Wereblood
  1780 | D:2      | Reached XP level 4. HP: 40/44 MP: 5/8
  2264 | D:2      | Found a faded altar of an unknown god.
  2640 | D:3      | Found a sparkling altar of Nemelex Xobeh.
  2712 | D:3      | Reached XP level 5. HP: 22/53 MP: 7/10
  3255 | D:3      | Found a glowing silver altar of Zin.
  4084 | D:4      | Learned a level 3 spell: Spider Form
  4114 | D:4      | Found a shadowy altar of Dithmenos.
  4118 | D:4      | Reached XP level 6. HP: 53/62 MP: 9/12
  4248 | D:4      | Noticed a moth of wrath
  4251 | D:4      | Found a bloodstained altar of Trog.
  4530 | D:5      | Entered Level 5 of the Dungeon
  4550 | D:5      | Splashed by a jelly's acid

Illustrated notes

Levels and vault maps discovered:
D:1:      heliophobic_arrival_ceremonial_halls, layout_loops_ring, serial_shops,
          nicolae_shop_stone, minmay_misc_feat_cross, minmay_strange_pillars
D:2:      layout_loops_ring, dreamdust_ecumenical_altar_sealed_demon,
          minmay_cupped
D:3:      minmay_chambers_of_twos, layout_loops_ring, zin_academy,
          mainiacjoe_overflow_boulevard, kennysheep_generic_room_11
D:4:      layout_gridville, grunt_dithmenos_smoke_and_mirrors, tgw_trog
D:5:      layout_cave_pools, lemuel_temple_firewalk_b

Skill      XL: |  1  2  3  4  5 |
---------------+----------------+-----
Transmutations | 2 3 |  3.0
Fighting       | 2 3 4 |  4.3
Unarmed Combat | 3 |  3.8
Spellcasting   | 3 4 |  4.1
Dodging        | |  1.7

Action                   |  1- 3 |  4- 6 || total
-------------------------+-------+-------++-------
Melee: Unarmed           |   108 |   186 ||   294
       Headbutt          |    12 |    24 ||    36
       Kick              |    23 |    36 ||    59
       Punch             |     2 |     1 ||     3
 Cast: Beastly Appendage |    28 |    35 ||    63
       Wereblood         |     1 |     3 ||     4
  Use: Potion            |       |     2 ||     2
Armor: Robe              |    50 |    78 ||   128
       Swamp dragon scal |       |    16 ||    16
       Skin              |       |     4 ||     4
Dodge: Dodged            |    63 |   120 ||   183

Table legend: (Time is in decaauts)
 A = Elapsed time spent in this place.
 B = Non-inter-level travel time spent in this place.
 C = Inter-level travel time spent in this place.
 D = Time resting spent in this place.
 E = Time spent auto-exploring this place.
 F = Levels seen in this place.
 G = Mean time per level.
                   A        B        C        D        E       F      G
               +--------+--------+--------+--------+--------+-----+--------+
         Total |   4530 |   4414 |    116 |      0 |   3621 |   5 |  906.0 |
       Dungeon |   4530 |   4414 |    116 |      0 |   3621 |   5 |  906.0 |
               +--------+--------+--------+--------+--------+-----+--------+

Top non-repeatable levels by time:
     D:2: 1379 daAuts
     D:3: 1375 daAuts
     D:1: 1122 daAuts
     D:4: 633 daAuts
     D:5: 19 daAuts
